 Dungeon Crawl Stone Soup version 0.24-a0-309-g1095bca (webtiles) character file.

Game seed: 5166167189696701791

383580 galech the Severer (level 22, -24/219 HPs)
             Began as a Demonspawn Fighter on May 14, 2019.
             Was the Champion of Okawaru.
             Annihilated by a reaper
             ... wielding a +1 scythe of flaming
             ... summoned by a lich
              (26 damage)
             ... on level 4 of the Depths.
             The game lasted 01:23:02 (37120 turns).

galech the Severer (Demonspawn Fighter)            Turns: 37120, Time: 01:23:04

Health: -24/219    AC: 31    Str: 29    XL:     22   Next: 23%
Magic:  18/28      EV:  6    Int: 15    God:    Okawaru [******]
Gold:   3026       SH:  0    Dex: 35    Spells: 21/21 levels left

rFire    + + .     SeeInvis .   I - +12 war axe of Destiny {vamp, rPois Dex+6}
rCold    + . .     Gourm    .   c - +0 large shield
rNeg     + . .     Faith    +   a - +7 gold dragon scales
rPois    +         Spirit   .   s - +2 helmet
rElec    +         Reflect  .   X - +1 cloak of Rotation {rN+ Int+4 Slay+3}
rCorr    .         Harm     .   y - +0 pair of gloves {Str+3}
MR       .....                  (boots unavailable)
Stlth    ..........             q - amulet of Moral Flaws {Faith rF+ MR- Dex+3}
HPRegen  1.46/turn              e - ring "Vyqynt" {*Drain rElec Int+3 Dex+2}
MPRegen  0.21/turn              J - ring "Tauq" {Str+7 Int-2 Dex+2}

@: confused, lethally poisoned (-24 -> -25), studying 2 skills, drained
A: talons 3, rugged brown scales 3, agile 1, deformed body, powered by death 2,
robust 1, spiny 3
}: 1/15 runes: gossamer
a: Heroism, Finesse, Renounce Religion


You were on level 4 of the Depths.
You worshipped Okawaru.
Okawaru was exalted by your worship.
You were not hungry.

You visited 7 branches of the dungeon, and saw 35 of its levels.
You visited the Abyss 5 times.
You visited 1 bazaar.
You also visited: Ossuary, Ice Cave and Volcano.

You collected 5345 gold pieces.
You spent 2319 gold pieces at shops.

Inventory:

Hand Weapons
 I - the +12 war axe of Destiny (weapon) {vamp, rPois Dex+6}
   (You found it on level 11 of the Dungeon)

   It inflicts no extra harm, but heals its wielder when it wounds a living foe.
   It affects your dexterity (+6).
   It protects you from poison.
 Q - a +0 short sword of flaming
 Y - the +10 broad axe of Reason {venom, Dex+3}
   (Okawaru gifted it to you on level 3 of the Abyss)

   It poisons the flesh of those it strikes.
   It affects your dexterity (+3).
Armour
 a - +7 gold dragon scales (worn)
 c - a +0 large shield (worn)
 s - a +2 helmet (worn)
 y - a +0 pair of gloves of strength (worn)
 V - a +2 pair of gloves
 X - the +1 cloak of Rotation (worn) {rN+ Int+4 Slay+3}
   (Okawaru gifted it to you on level 3 of the Elven Halls)

   It affects your intelligence (+4).
   It affects your accuracy and damage with ranged weapons and melee attacks
   (+3).
   It protects you from negative energy.
Jewellery
 b - an uncursed ring of protection from cold
 e - the ring "Vyqynt" (left hand) {*Drain rElec Int+3 Dex+2}
   (You took it off a spriggan on level 12 of the Dungeon)

   [ring of dexterity]

   It affects your intelligence (+3).
   It affects your dexterity (+2).
   It insulates you from electricity.
   It causes draining when unequipped.
 p - an uncursed ring of protection from magic
 q - the amulet of Moral Flaws (around neck) {Faith rF+ MR- Dex+3}
   (You found it on level 13 of the Dungeon)

   [amulet of faith]

   It allows you to gain divine favour quickly.
   It affects your dexterity (+3).
   It protects you from fire.
   It affects your resistance to hostile enchantments.
 r - the ring "Jiovecs" {rF+ Slay+1}
   (You took it off a deep elf master archer on level 3 of the Elven Halls)

   [ring of slaying]

   It affects your accuracy and damage with ranged weapons and melee attacks
   (+1).
   It protects you from fire.
 u - an uncursed ring of flight
 D - an uncursed ring of resist corrosion
 H - an uncursed amulet of the acrobat
 J - the ring "Tauq" (right hand) {Str+7 Int-2 Dex+2}
   (You bought it in a shop on level 2 of the Elven Halls)

   [ring of dexterity]

   It affects your strength (+7).
   It affects your intelligence (-2).
   It affects your dexterity (+2).
 K - an uncursed amulet of regeneration
 S - an uncursed amulet of the gourmand
 T - an uncursed amulet of guardian spirit
Wands
 i - a wand of clouds (5)
 E - a wand of digging (20)
Scrolls
 d - 4 scrolls of brand weapon
 h - 6 scrolls of fear
 k - 12 scrolls of teleportation
 m - 9 scrolls of fog
 t - 16 scrolls of remove curse
 w - 7 scrolls of enchant weapon
 B - 5 scrolls of blinking
 F - 5 scrolls of magic mapping
 L - 3 scrolls of identify
 W - a scroll of silence
Potions
 g - 16 potions of curing
 j - 3 potions of haste
 l - 3 potions of invisibility
 n - 9 potions of flight
 o - 4 potions of heal wounds
 v - 6 potions of mutation
 z - 7 potions of agility
 A - 11 potions of lignification
 C - 5 potions of resistance
 G - 9 potions of brilliance
 M - 2 potions of berserk rage
 O - 4 potions of ambrosia
 U - 4 potions of might
Books
 P - a manual of Unarmed Combat
 Z - a manual of Evocations
Comestibles
 f - 65 rations
 x - 5 chunks of flesh


   Skills:
 + Level 19.6(18.0) Fighting
 + Level 20.3(18.7) Axes
 + Level 15.5(14.0) Armour
 + Level 3.0(1.9) Dodging
 + Level 3.1(2.0) Stealth
 + Level 17.8(16.2) Shields
 + Level 9.1(7.8) Invocations
 + Level 0.2(0.0) Evocations


You had 21 spell levels left.
You didn't know any spells.
Your spell library contained the following spells:

 Spells                   Type           Power        Failure   Level  Hunger
 Animate Skeleton         Necr           N/A          100%        1    ##.....
 Apportation              Tloc           #.....       100%        1    ##.....
 Beastly Appendage        Tmut           #.....       100%        1    ##.....
 Confusing Touch          Hex            #.....       100%        1    ##.....
 Corona                   Hex            #......      100%        1    ##.....
 Magic Dart               Conj           #...         100%        1    ##.....
 Pain                     Necr           #...         100%        1    ##.....
 Sandblast                Erth           #.....       100%        1    ##.....
 Shock                    Conj/Air       #...         100%        1    ##.....
 Summon Butterflies       Summ           #.......     100%        1    ##.....
 Summon Small Mammal      Summ           #...         100%        1    ##.....
 Blink                    Tloc           N/A          100%        2    ###....
 Call Imp                 Summ           #.......     100%        2    ###....
 Ensorcelled Hibernation  Hex/Ice        #.....       100%        2    ###....
 Searing Ray              Conj           #.....       100%        2    ###....
 Slow                     Hex            #.......     100%        2    ###....
 Sticks to Snakes         Tmut           #.......     100%        2    ###....
 Swiftness                Chrm/Air       #.......     100%        2    ###....
 Throw Frost              Conj/Ice       #.....       100%        2    ###....
 Call Canine Familiar     Summ           #.......     100%        3    ####...
 Confuse                  Hex            #.......     100%        3    ####...
 Conjure Flame            Conj/Fire      #.......     100%        3    ####...
 Dazzling Spray           Conj/Hex       #.....       100%        3    ####...
 Gell's Gravitas          Tloc           #.........   100%        3    ####...
 Mephitic Cloud           Conj/Pois/Air  #.......     100%        3    ####...
 Regeneration             Chrm/Necr      #.........   100%        3    ####...
 Spider Form              Tmut/Pois      #.........   100%        3    ####...
 Static Discharge         Conj/Air       #.......     100%        3    ####...
 Stone Arrow              Conj/Erth      #.....       100%        3    ####...
 Summon Guardian Golem    Hex/Summ       #.......     100%        3    ####...
 Tukima's Dance           Hex            #.......     100%        3    ####...
 Vampiric Draining        Necr           #.........   100%        3    ####...
 Airstrike                Air            #.........   100%        4    #####..
 Animate Dead             Necr           N/A          100%        4    #####..
 Force Lance              Conj/Tloc      #.......     100%        4    #####..
 Fulminant Prism          Conj/Hex       #.........   100%        4    #####..
 Ice Form                 Ice/Tmut       #.......     100%        4    #####..
 Iskenderun's Mystic Bla  Conj           #.......     100%        4    #####..
 Petrify                  Tmut/Erth      #.......     100%        4    #####..
 Summon Ice Beast         Ice/Summ       #.......     100%        4    #####..
 Summon Lightning Spire   Summ/Air       #.......     100%        4    #####..
 Blade Hands              Tmut           #.........   100%        5    ######.
 Borgnjor's Vile Clutch   Necr/Erth      #.........   100%        5    ######.
 Lightning Bolt           Conj/Air       #.........   100%        5    ######.
 Metabolic Englaciation   Hex/Ice        #.........   100%        5    ######.
 Yara's Violent Unravell  Hex/Tmut       #.........   100%        5    ######.
 Iron Shot                Conj/Erth      #.........   100%        6    #######
 Ozocubu's Refrigeration  Ice            #.........   100%        6    #######
 Shadow Creatures         Summ           N/A          100%        6    #######
 Orb of Destruction       Conj           #.........   100%        7    #######
 Spellforged Servitor     Conj/Summ      #.........   100%        7    #######
 Shatter                  Erth           #.........   100%        9    #######


Dungeon Overview and Level Annotations

Branches:
Dungeon (15/15)            Temple (1/1) D:5            Lair (6/6) D:8
 Shoals (0/4) Lair:3       Spider (4/4) Lair:4        Slime (0/5) Lair:6
    Orc (2/2) D:12            Elf (3/3) Orc:2        Vaults (0/5) D:13
 Depths (4/5) D:15

Altars:
Ashenzari
Fedhas
Gozag
Kikubaaqudgha
Makhleb
Nemelex Xobeh
Okawaru
Ru
Sif Muna
Uskayaw
Vehumet
Wu Jian
The Shining One
Beogh
Lugonu

Shops:
D:6 =   D:9 *   D:11 }   D:12 [}=   Orc:2 }(%*   Elf:2 =:}*

Portals:
Hell: Depths:1 Depths:2 Depths:3 Depths:4
Abyss: Depths:2 Depths:3
Pandemonium: Depths:3
Ziggurat: Depths:2
Trove: D:13 (give 9 potions of agility)

Annotations:
Elf:2 3 runed translucent doors
Depths:1 2 transporters, Enui's ghost, veteran DDFi


Innate Abilities, Weirdness & Mutations

You have claws for feet.
You are completely covered in rugged brown scales. (AC +3, +7% HP)
You regenerate health from kills.
You are robust. (+10% HP)
You are completely covered in sharp spines.
You are agile. (Dex +2)
Armour fits poorly on your strangely shaped body.


Message History

You block the skeletal warrior's attack.
The reaper hits you but does no damage.
You feel much better.
You feel sick.
The ancient champion hits you but does no damage.
The Tzitzimitl gestures at you. The bolt of negative energy hits you!!
You partially resist.
You feel drained.
* * * LOW HITPOINT WARNING * * *
You block the ancient champion's attack.
You hear some strange, mumbled words.
You are confused.
The skeletal warrior hits you from afar with a +2 halberd of venom!
* * * LOW HITPOINT WARNING * * *
You feel much better.
You feel sick.
The ancient champion hits you from afar with a +0 glaive of venom!!
* * * LOW HITPOINT WARNING * * *
The ancient champion casts a spell at you.
The iron shot hits you!
* * * LOW HITPOINT WARNING * * *
The reaper hits you from afar with a +1 scythe of flaming!!
You die...

#○°##...##☼°#
##○°#.....#°○##
#°☼##..∩..##..#
#§○#.......#.○#
#§☼##.....##°.#
#°☼#.zz2.#○°#
#○○##1{z##°°#
#○.#)@.#○°#
#..#...#..#
#..#...#..# ##○○...#
##.#...#..# ##○°○#..○
####'###..###.○.###..
#.....#..☼#...##)##○
##.....##..○..##...##
#.......##°..##.....#
#..#####..#####......#


You could see a Tzitzimitl, a reaper, 2 ancient champions and a skeletal
warrior.

Vanquished Creatures
  A juggernaut (Depths:3)
  A caustic shrike (Depths:2)
  4 golden dragons
  Nikola (Elf:2)
  4 bone dragons
  Jorgrun (Spider:3)
  A tentacled monstrosity (Depths:3)
  3 deep elf blademasters
  Asterion (Depths:3)
  2 deep elf master archers (Elf:3)
  5 liches
  An ancient champion (Depths:4)
  An Executioner (Abyss:3)
  5 tentacled starspawn
  A sphinx (Depths:3)
  A shadow dragon (Depths:2)
  A daeva (Depths:2)
  3 tengu reavers
  A revenant (Abyss:2)
  2 storm dragons (Elf:1)
  An iron dragon (Depths:3)
  3 fire giants
  3 deep elf sorcerers
  Louise (Elf:2)
  7 frost giants
  2 balrugs
  Aizul (Depths:3)
  A ghost moth (Spider:1)
  2 caustic shrike zombies
  3 reapers
  9 emperor scorpions
  3 deep elf elementalists (Elf:3)
  2 juggernaut skeletons (Depths:1)
  3 spriggan defenders
  An angel (Abyss:3)
  24 very ugly things
  5 entropy weavers
  10 stone giants
  2 caustic shrike skeletons (Depths:1)
  5 deep elf annihilators
  A vampire knight (Depths:3)
  8 deep elf demonologists
  5 dire elephants (Lair:6)
  2 white draconians
  A lorocyproca (Abyss:3)
  3 spark wasps
  An eidolon (Abyss:2)
  6 deep elf death magi
  7 ettins
  5 fire dragons
  A blizzard demon (Abyss:3)
  5 deep elf high priests
  5 ice dragons
  Harold (D:8)
  A quicksilver dragon skeleton (Depths:1)
  2 yaktaur captains (Depths:3)
  3 great orbs of eyes
  The ghost of Lanoc the Protected, a journeyman FoFi of Jiyva (D:12)
  5 spriggan air magi
  A catoblepas (D:13)
  10 rakshasas
  The ghost of Arthanis the Arsonist, a journeyman DEFE of Vehumet (D:14)
  4 centaur warriors
  2 death knights
  5 hydras
  2 tengu warriors (Depths:2)
  29 dancing weapons
  4 death yaks (IceCv)
  An anaconda (Lair:6)
  6 ogre magi
  A two-headed ogre (shapeshifter) (Depths:2)
  5 thrashing horrors (Abyss:2)
  26 two-headed ogres
  6 deep troll shamans
  18 deep elf knights
  3 vampire magi
  2 spriggan berserkers
  An orc high priest (Elf:1)
  A soul eater (Depths:3)
  8 deep troll earth magi
  A titan skeleton (Depths:1)
  A spatial maelstrom (Abyss:3)
  A salamander mystic (Depths:3)
  2 shadow wraiths (Abyss:2)
  4 wretched stars
  4 sun demons
  8 hell knights
  2 iron trolls
  Sonja (Lair:5)
  20 small abominations
  A sixfirhy (Abyss:2)
  9 skeletal warriors
  2 storm dragon skeletons
  A death drake (Abyss:3)
  21 deep trolls
  A tengu zombie (Depths:2)
  3 wizards
  2 glowing orange brains
  An infernal demonspawn (Depths:3)
  2 flayed ghosts
  A shadow dragon zombie (Depths:1)
  A glowing orange brain (shapeshifter) (Depths:1)
  4 necromancers
  Pikel (D:3)
  A lindwurm (Lair:6)
  2 orc knights (D:15)
  13 deep elf archers
  6 starcursed masses (Abyss:3)
  14 orb spiders
  17 large abominations
  A stone giant zombie (D:15)
  3 tengu skeletons (Depths:1)
  8 cyclopes
  A frost giant zombie (D:15)
  2 fire giant zombies
  2 salamanders (Depths:3)
  2 shadow dragon skeletons
  22 wolf spiders
  An orb spider (shapeshifter) (Abyss:2)
  2 orc sorcerers
  A mana viper (Abyss:2)
  An oklob plant (Lair:6)
  17 ugly things
  61 deep elf magi
  2 manticores
  3 worldbinders
  An iron dragon skeleton (Depths:1)
  8 elephants
  4 apocalypse crabs (Abyss:2)
  3 spriggan zombies (Depths:1)
  A guardian serpent (D:12)
  A rust devil (Depths:3)
  4 moths of wrath (Spider:4)
  7 black mambas
  An ice statue (IceCv)
  3 centaur skeletons
  A stone giant skeleton (Abyss:2)
  7 smoke demons
  3 orange demons (Abyss:2)
  9 spiny frogs
  A dire elephant zombie (Abyss:2)
  2 gargoyles (Volcano)
  An efreet (Volcano)
  A komodo dragon (Lair:2)
  10 yaktaurs
  3 torpor snails
  17 demonic crawlers
  A freezing wraith (Abyss:3)
  A redback zombie (D:14)
  2 ice devils (Lair:6)
  5 tengu conjurers
  3 hellwings
  A troll (shapeshifter) (Depths:2)
  A red devil (Depths:3)
  A silent spectre (Abyss:2)
  A guardian mummy (D:15)
  11 trolls
  5 ancient zymes
  A queen bee (D:8)
  17 polar bears
  18 jumping spiders
  A slime creature (Depths:2)
  7 hornets
  7 hippogriffs
  A dream sheep (shapeshifter) (Depths:2)
  17 raiju
  An iron dragon simulacrum (Abyss:2)
  11 blink frogs
  4 shadows
  4 air elementals
  6 wraiths
  76 redbacks
  40 yaks
  5 spriggans
  A fire dragon skeleton (Abyss:2)
  27 tarantellas
  3 wyverns
  9 ynoxinuls
  3 water elementals (Elf:1)
  A hog (shapeshifter) (D:13)
  3 fire elementals
  3 neqoxecs (Abyss:2)
  A hungry ghost (D:15)
  4 basilisks
  5 chaos spawn (Abyss:3)
  An elf skeleton (Depths:1)
  A swamp worm (shapeshifter) (Depths:4)
  4 spatial vortices (Abyss:3)
  2 wargs
  An acid dragon (D:15)
  A soldier ant (D:12)
  6 porcupines
  Duvessa (D:4)
  28 water moccasins
  2 floating eyes
  The ghost of Stiffzip the Ducker, an amateur SpGl (D:4)
  An eye of draining (D:12)
  A sky beast (D:13)
  3 black bears
  17 orc warriors
  A slave (D:4)
  5 phantoms
  A necrophage (D:15)
  3 ice beasts
  A swamp drake (Lair:3)
  23 ogres
  9 boggarts
  9 centaurs
  25 wolves
  11 crocodiles
  A big kobold (D:7)
  4 elf zombies
  13 bullfrogs
  5 earth elementals
  Dowan (D:4)
  3 scorpions
  3 troll zombies (D:12)
  19 killer bees
  4 howler monkeys
  21 wights
  2 electric eels
  7 crimson imps
  4 bullfrog zombies
  A quasit (Abyss:3)
  2 centaur zombies
  2 iron imps (Abyss:2)
  2 jellies (Lair:6)
  12 orc priests
  5 hounds
  15 orc wizards
  Jessica (D:2)
  4 iguanas
  Ijyb (D:4)
  10 worker ants
  5 ogre zombies (D:12)
  4 mummies
  A worker ant zombie (D:4)
  25 adders
  2 shadow imps
  3 white imps
  3 ufetubi (Abyss:2)
  5 adder zombies (Ossuary)
  5 oozes
  3 adder skeletons
  4 worms
  A worm (shapeshifter) (Depths:2)
  4 dart slugs
  3 leopard geckos
  89 orcs
  7 giant cockroaches
  8 goblins
  4 hobgoblins
  10 jackals
  5 quokkas
  A ball python (D:4)
  7 bats
  2 frilled lizards
  A goblin skeleton (D:12)
  6 goblin zombies
  A hobgoblin skeleton (D:12)
  4 hobgoblin zombies
  A jackal skeleton (D:8)
  9 kobolds
  4 kobold zombies
  A leopard gecko skeleton (D:4)
  2 orc skeletons (D:12)
  17 orc zombies (D:12)
  2 quokka zombies
  5 rats
  3 rat zombies (Ossuary)
  8 fungi
  5 plants (Lair:6)
  8 starspawn tentacles
  2 withered plants (D:15)
1579 creatures vanquished.

Vanquished Creatures (others)
  A salamander (Depths:3)
  A redback (Spider:4)
  A porcupine (Lair:3)
  A crimson imp (Depths:3)
  8 fungi (Lair:6)
  9 plants
  9 starspawn tentacles
30 creatures vanquished.

Grand Total: 1609 creatures vanquished

Notes
Turn   | Place    | Note
-------+----------+-------------------------------------------
     0 | D:1      | galech the Demonspawn Fighter began the quest for the Orb.
     0 | D:1      | Reached XP level 1. HP: 18/18 MP: 1/1
   120 | D:1      | Gained mutation: You are partially covered in rugged brown
                  | scales. (AC +1, +3% HP) [demonic ancestry]
   120 | D:1      | Reached XP level 2. HP: 15/24 MP: 2/2
   588 | D:2      | Reached skill level 2 in Axes
   801 | D:2      | Noticed Jessica
   805 | D:2      | Killed Jessica
   805 | D:2      | Reached XP level 3. HP: 29/29 MP: 3/3
  1244 | D:3      | Gained mutation: You have sharp toenails. [demonic
                  | ancestry]
  1244 | D:3      | Reached XP level 4. HP: 36/36 MP: 4/4
  1842 | D:4      | Reached skill level 3 in Axes
  1869 | D:4      | Noticed Dowan
  1878 | D:4      | Noticed Duvessa
  1880 | D:4      | Killed Dowan
  1880 | D:4      | Reached XP level 5. HP: 33/42 MP: 5/5
  1887 | D:4      | HP: 1/42 [Duvessa/+0 short sword (8)]
  1888 | D:4      | Killed Duvessa
  1888 | D:4      | Gained mutation: You regenerate a little health from kills.
                  | [demonic ancestry]
  1888 | D:4      | Reached XP level 6. HP: 2/49 MP: 6/6
  2325 | D:4      | Noticed a slave
  2326 | D:4      | Noticed a slave
  2340 | D:4      | Killed a slave
  2388 | D:4      | Found a sparkling altar of Nemelex Xobeh.
  2447 | D:4      | Found a runed translucent door.
  2447 | D:4      | Noticed Stiffzip's ghost (amateur SpGl)
  2484 | D:4      | Found a runed translucent door.
  2575 | D:4      | Noticed a slave
  2578 | D:4      | Noticed Pikel
  2578 | D:4      | Noticed a slave
  2628 | D:3      | Killed Pikel
  2628 | D:3      | Reached skill level 5 in Axes
  2628 | D:3      | Reached skill level 1 in Dodging
  2628 | D:3      | Gained mutation: You regenerate health from kills. [demonic
                  | ancestry]
  2628 | D:3      | Reached XP level 7. HP: 42/56 MP: 7/7
  2757 | D:4      | Found a blossoming altar of Fedhas.
  2758 | D:4      | Found a radiant altar of Vehumet.
  2759 | D:4      | Found an opulent altar of Gozag.
  2765 | D:4      | Found a shattered altar of Ashenzari.
  2808 | D:4      | Noticed Ijyb
  2816 | D:4      | Killed Ijyb
  2927 | D:5      | Entered Level 5 of the Dungeon
  3285 | D:5      | Gained mutation: You have razor-sharp toenails. [demonic
                  | ancestry]
  3285 | D:5      | Reached XP level 8. HP: 55/62 MP: 8/8
  3345 | D:5      | Found a staircase to the Ecumenical Temple.
  3352 | Temple   | Entered the Ecumenical Temple
  3369 | Temple   | Became a worshipper of Warmaster Okawaru
  3548 | D:5      | Reached skill level 6 in Axes
  3983 | D:6      | Found Siekhlov's Jewellery Shop.
  4034 | D:6      | Reached skill level 5 in Fighting
  4107 | D:6      | Reached skill level 5 in Shields
  4215 | D:6      | Found a sand-covered staircase.
  4228 | Ossuary  | Entered an ossuary
  4350 | Ossuary  | Reached skill level 7 in Axes
  4603 | D:6      | Reached * piety under Okawaru
  4950 | D:6      | Found a deep blue altar of Sif Muna.
  5120 | D:7      | Gained mutation: You are partially covered in sharp spines.
                  | [demonic ancestry]
  5120 | D:7      | Reached XP level 9. HP: 52/70 MP: 9/9
  5303 | D:7      | Noticed a cyclops
  5313 | D:7      | Reached skill level 5 in Armour
  5321 | D:7      | Killed a cyclops
  5321 | D:7      | Reached skill level 8 in Axes
  5324 | D:7      | Reached ** piety under Okawaru
  5485 | D:7      | Found a hide-covered altar of Uskayaw.
  5706 | D:8      | Found a staircase to the Lair.
  5741 | D:8      | Noticed an elephant
  5755 | D:8      | Killed an elephant
  5755 | D:8      | Reached skill level 9 in Axes
  5902 | D:8      | Reached *** piety under Okawaru
  5902 | D:8      | Gained mutation: You are mostly covered in rugged brown
                  | scales. (AC +2, +5% HP) [demonic ancestry]
  5902 | D:8      | Reached XP level 10. HP: 61/80 MP: 10/10
  6136 | D:8      | Reached skill level 1 in Stealth
  6160 | D:8      | Noticed a hell beast
  6161 | D:8      | Found an ancient bone altar of Kikubaaqudgha.
  6161 | D:8      | Noticed a hell beast
  6163 | D:8      | Noticed an orange demon
  6253 | D:8      | Noticed Harold
  6295 | D:8      | Killed Harold
  6295 | D:8      | Reached skill level 1 in Invocations
  6670 | D:9      | Noticed a two-headed ogre
  6677 | D:9      | Killed a two-headed ogre
  6677 | D:9      | Reached **** piety under Okawaru
  6702 | D:9      | Found Lyrymir's Assorted Antiques.
  6753 | D:9      | Noticed a two-headed ogre
  6769 | D:9      | Killed a two-headed ogre
  6769 | D:9      | Reached skill level 10 in Axes
  6863 | D:9      | Reached ***** piety under Okawaru
  6863 | D:9      | Reached XP level 11. HP: 27/88 MP: 12/12
  7264 | D:10     | Entered Level 10 of the Dungeon
  8038 | D:11     | Got a transparent war axe
  8234 | D:11     | Found Kos Hulliat's Gadget Emporium.
  8749 | D:11     | Identified the +12 war axe of Destiny {vamp, rPois Dex+6}
                  | (You found it on level 11 of the Dungeon)
  8798 | D:12     | Reached skill level 11 in Axes
  8952 | D:6      | Bought an uncursed amulet of the gourmand for 330 gold
                  | pieces
  9176 | D:12     | Noticed a brown ugly thing
  9183 | D:12     | Killed a brown ugly thing
  9183 | D:12     | Received a gift from Okawaru
  9224 | D:12     | Found Qatoutam's Jewellery Shop.
  9394 | D:12     | Found a staircase to the Orcish Mines.
  9433 | D:12     | Found Hufyal's Armour Shoppe.
  9576 | D:12     | Gained mutation: You are completely covered in rugged brown
                  | scales. (AC +3, +7% HP) [demonic ancestry]
  9576 | D:12     | Reached XP level 12. HP: 82/100 MP: 14/14
  9618 | D:12     | Found a runed translucent door.
  9620 | D:12     | Noticed Lanoc's ghost (journeyman FoFi)
  9623 | D:12     | Identified the +5 trident "Ipsece" {pierce, rF+}
  9648 | D:12     | Found Ygroimuk's Gadget Shoppe.
  9694 | D:12     | Reached skill level 12 in Axes
  9732 | D:12     | Identified the ring "Vyqynt" {*Drain rElec Int+3 Dex+2}
  9781 | D:12     | Noticed a two-headed ogre
  9790 | D:12     | Killed a two-headed ogre
 10036 | D:4      | Killed Stiffzip's ghost
 10248 | Orc:1    | Entered Level 1 of the Orcish Mines
 10270 | Orc:1    | Found a roughly hewn altar of Beogh.
 10326 | Orc:1    | Received a gift from Okawaru
 10686 | Orc:2    | Entered Level 2 of the Orcish Mines
 10714 | Orc:2    | Found a staircase to the Elven Halls.
 10942 | Orc:2    | Found a flickering gateway to a bazaar.
 10954 | Bazaar   | Entered a bazaar
 11121 | Bazaar   | Found Xuywarin's General Store.
 11138 | Bazaar   | Found Giapaeso's Armour Boutique.
 11164 | Bazaar   | Found Gyhos's Magic Scroll Boutique.
 11202 | Bazaar   | Found Ogag Yti's Armour Shoppe.
 11228 | Bazaar   | Bought a scroll of enchant weapon for 82 gold pieces
 11228 | Bazaar   | Bought +0 gold dragon scales for 880 gold pieces
 11228 | Bazaar   | Bought a scroll of identify for 22 gold pieces
 11228 | Bazaar   | Bought a scroll of identify for 22 gold pieces
 11525 | Orc:2    | Found Mibiadoy's General Store.
 11530 | Orc:2    | Noticed a two-headed ogre
 11540 | Orc:2    | Killed a two-headed ogre
 11540 | Orc:2    | Noticed a two-headed ogre
 11546 | Orc:2    | Noticed an ogre mage
 11547 | Orc:2    | Reached ****** piety under Okawaru
 11552 | Orc:2    | Killed a two-headed ogre
 11552 | Orc:2    | Reached skill level 13 in Axes
 11553 | Orc:2    | Found Vadoel's Food Shoppe.
 11554 | Orc:2    | Noticed a two-headed ogre
 11557 | Orc:2    | Noticed a two-headed ogre
 11557 | Orc:2    | Noticed a two-headed ogre
 11560 | Orc:2    | Killed a two-headed ogre
 11565 | Orc:2    | Noticed a two-headed ogre
 11566 | Orc:2    | Killed a two-headed ogre
 11566 | Orc:2    | Received a gift from Okawaru
 11568 | Orc:2    | Noticed a two-headed ogre
 11569 | Orc:2    | Killed a two-headed ogre
 11569 | Orc:2    | Reached skill level 10 in Fighting
 11572 | Orc:2    | Gained mutation: You have claws for feet. [demonic
                  | ancestry]
 11572 | Orc:2    | Reached XP level 13. HP: 102/110 MP: 12/15
 11578 | Orc:2    | Received a gift from Okawaru
 11586 | Orc:2    | Found Qoefar's Weapon Boutique.
 11701 | Orc:2    | Found Xoluheu's Gadget Emporium.
 11758 | Orc:2    | Bought a wand of digging (4) for 256 gold pieces
 12147 | D:13     | Noticed an ettin
 12154 | D:13     | Killed an ettin
 12173 | D:13     | Found a gate to the Vaults.
 12177 | D:13     | Got a glittering ruby amulet
 12179 | D:13     | Got a tiger eye-encrusted scale mail
 12191 | D:13     | Identified the cursed +1 scale mail of the True Pharaoh
                  | {rF+++ MR- rCorr Dex-2} (You found it on level 13 of the
                  | Dungeon)
 12205 | D:13     | Identified the amulet of Moral Flaws {Faith rF+ MR- Dex+3}
                  | (You found it on level 13 of the Dungeon)
 12322 | D:13     | Found a portal to a secret trove of treasure.
 13098 | D:14     | Found a runed translucent door.
 13100 | D:14     | Noticed Arthanis's ghost (journeyman DEFE)
 13224 | D:14     | Killed Arthanis's ghost
 13224 | D:14     | Reached skill level 14 in Axes
 13383 | D:12     | Killed Lanoc's ghost
 13383 | D:12     | Received a gift from Okawaru
 13443 | D:15     | Entered Level 15 of the Dungeon
 13456 | D:15     | Received a gift from Okawaru
 13473 | D:15     | Got an encrusted hand axe {god gift}
 13498 | D:15     | Reached XP level 14. HP: 58/120 MP: 17/17
 13903 | D:15     | Found a staircase to the Depths.
 14026 | D:15     | Received a gift from Okawaru
 14031 | D:15     | Reached skill level 10 in Armour
 14037 | D:15     | Reached skill level 10 in Shields
 14044 | D:15     | Reached skill level 15 in Axes
 14366 | D:15     | Found a glowing golden altar of the Shining One.
 14702 | Lair:1   | Entered Level 1 of the Lair of Beasts
 15590 | Lair:2   | Received a gift from Okawaru
 15626 | Lair:2   | Identified the +1 hand axe "Odghucw" {venom, Str-2 Int+2
                  | SInv} (Okawaru gifted it to you on level 15 of the Dungeon)
 16724 | Lair:3   | Found a staircase to the Shoals.
 17086 | Lair:3   | Received a gift from Okawaru
 17355 | Lair:4   | Found a hole to the Spider Nest.
 18046 | Lair:5   | Noticed Sonja
 18051 | Lair:5   | Killed Sonja
 18728 | Lair:6   | Entered Level 6 of the Lair of Beasts
 18736 | Lair:6   | Found a staircase to the Slime Pits.
 18785 | Lair:6   | Found a dark tunnel.
 18789 | Lair:6   | Found a frozen archway.
 18795 | Lair:6   | Gained mutation: You are mostly covered in sharp spines.
                  | [demonic ancestry]
 18795 | Lair:6   | Reached XP level 15. HP: 117/129 MP: 15/18
 18810 | IceCv    | Entered an ice cave
 19139 | IceCv    | Received a gift from Okawaru
 19179 | IceCv    | Received a gift from Okawaru
 19248 | IceCv    | Reached skill level 16 in Axes
 19306 | Volcano  | Entered a volcano
 19710 | Lair:6   | Received a gift from Okawaru
 19925 | Lair:6   | Reached skill level 5 in Invocations
 19930 | Lair:6   | Received a gift from Okawaru
 21097 | Depths:1 | Entered Level 1 of the Depths
 21315 | Spider:1 | Entered Level 1 of the Spider Nest
 21357 | Spider:1 | Killed a ghost moth
 21373 | Spider:1 | Received a gift from Okawaru
 22354 | Spider:2 | Received a gift from Okawaru
 22357 | Spider:2 | Reached XP level 16. HP: 140/140 MP: 12/20
 22769 | Spider:3 | Noticed Jorgrun
 22791 | Spider:3 | Killed Jorgrun
 22791 | Spider:3 | Received a gift from Okawaru
 23375 | Spider:3 | Received a gift from Okawaru
 23582 | Spider:4 | Entered Level 4 of the Spider Nest
 23786 | Spider:4 | Received a gift from Okawaru
 23786 | Spider:4 | Reached skill level 17 in Axes
 24576 | Spider:4 | Received a gift from Okawaru
 24576 | Spider:4 | Reached XP level 17. HP: 135/149 MP: 21/21
 24655 | Spider:4 | Got a gossamer rune of Zot
 25389 | Depths:1 | Received a gift from Okawaru
 25389 | Depths:1 | Reached skill level 15 in Fighting
 25394 | Depths:1 | Identified the +7 war axe "Newtbane" {chop, Dex+5} (Okawaru
                  | gifted it to you on level 1 of the Depths)
 25756 | Depths:1 | Received a gift from Okawaru
 25789 | Depths:1 | Got a steaming broad axe {god gift}
 25812 | Depths:1 | Noticed a bone dragon
 25813 | Depths:1 | Found the +9 sword of Zonguldrok {reap}
 25838 | Depths:1 | Killed a bone dragon
 26038 | Depths:1 | Found a transporter.
 26055 | Depths:1 | Noticed a caustic shrike
 26056 | Depths:1 | Noticed a caustic shrike
 26061 | Depths:1 | Noticed Enui's ghost (veteran DDFi)
 26071 | Depths:1 | Noticed a quicksilver dragon
 26147 | Depths:1 | Found a transporter.
 26371 | Depths:1 | Found a gateway to Hell.
 26726 | Depths:2 | Received a gift from Okawaru
 26852 | Depths:2 | Reached XP level 18. HP: 161/161 MP: 22/22
 26989 | Depths:2 | Found a gateway to a ziggurat.
 27499 | Depths:2 | Received a gift from Okawaru
 27790 | Depths:2 | Noticed a golden dragon
 27792 | Depths:2 | Noticed a caustic shrike
 27804 | Depths:2 | Killed a golden dragon
 27810 | Depths:2 | Reached skill level 18 in Axes
 27817 | Depths:2 | Received a gift from Okawaru
 27827 | Depths:2 | Found a one-way gate to the infinite horrors of the Abyss.
 27835 | Depths:2 | Killed a caustic shrike
 27932 | Depths:2 | Got a faintly humming plate armour
 27944 | Depths:2 | Identified the +5 plate armour of Terror {-Cast rC+ Int+3}
                  | (You found it on level 2 of the Depths)
 28195 | Depths:2 | Identified the +6 broad axe of Indignation {chop, Str+3}
                  | (Okawaru gifted it to you on level 1 of the Depths)
 28791 | Depths:3 | Gained mutation: You are robust. (+10% HP) [demonic
                  | ancestry]
 28791 | Depths:3 | Reached XP level 19. HP: 163/186 MP: 22/24
 28801 | Depths:3 | Noticed a lich
 28813 | Depths:3 | Killed a lich
 28896 | Depths:3 | Received a gift from Okawaru
 29018 | Depths:3 | Noticed a golden dragon
 29032 | Depths:3 | Killed a golden dragon
 29150 | Depths:3 | Reached skill level 15 in Shields
 29162 | Depths:3 | Noticed a golden dragon
 29183 | Depths:3 | Killed a golden dragon
 29219 | Depths:3 | Noticed a golden dragon
 29233 | Depths:3 | Killed a golden dragon
 29259 | Depths:3 | Noticed Aizul
 29272 | Depths:3 | Killed Aizul
 29285 | Depths:3 | Paralysed by a vampire knight for 2 turns
 29312 | Depths:3 | Noticed a juggernaut
 29319 | Depths:3 | Received a gift from Okawaru
 29342 | Depths:3 | Killed a juggernaut
 29510 | Depths:3 | Identified the Almanac of Dark Cold
 29820 | Depths:3 | Found a corrupted altar of Lugonu.
 29938 | Depths:3 | Noticed Asterion
 29957 | Depths:3 | Killed Asterion
 29957 | Depths:3 | Received a gift from Okawaru
 30007 | Depths:3 | Found a one-way gate leading to the halls of Pandemonium.
 30574 | Elf:1    | Entered Level 1 of the Elven Halls
 30615 | Elf:1    | Found an ancient bone altar of Kikubaaqudgha.
 30736 | Elf:1    | Received a gift from Okawaru
 30878 | Elf:1    | Reached XP level 20. HP: 198/198 MP: 25/25
 30913 | Elf:1    | Reached skill level 19 in Axes
 30927 | Elf:1    | Found a runed translucent gate.
 30927 | Elf:1    | Found a runed translucent gate.
 30927 | Elf:1    | Found a runed translucent gate.
 30927 | Elf:1    | Found a runed translucent gate.
 30927 | Elf:1    | Found a runed translucent gate.
 30962 | Elf:1    | Found a runed translucent gate.
 31010 | Elf:1    | Received a gift from Okawaru
 31726 | Elf:2    | Found Huim Zax's Book Emporium.
 31740 | Elf:2    | Found Lammacaz's Gadget Emporium.
 31793 | Elf:2    | Found Ukiobbom's Assorted Antiques.
 31810 | Elf:2    | Bought a glowing helmet for 277 gold pieces
 31993 | Elf:2    | Found Wazud's Jewellery Boutique.
 31996 | Elf:2    | Bought the ring "Tauq" {Str+7 Int-2 Dex+2} for 450 gold
                  | pieces
 32054 | Elf:2    | Found a runed translucent gate.
 32056 | Elf:2    | Found a runed translucent gate.
 32057 | Elf:2    | Found a runed translucent gate.
 32073 | Elf:2    | Found a huge runed gate.
 32073 | Elf:2    | Found a huge runed gate.
 32075 | Elf:2    | Found a huge runed gate.
 32077 | Elf:2    | Found a huge runed gate.
 32204 | Elf:2    | Received a gift from Okawaru
 32228 | Elf:2    | Found a huge runed gate.
 32228 | Elf:2    | Found a huge runed gate.
 32228 | Elf:2    | Found a huge runed gate.
 32228 | Elf:2    | Found a huge runed gate.
 32228 | Elf:2    | Found a huge runed gate.
 32229 | Elf:2    | Found a huge runed gate.
 32230 | Elf:2    | Found a huge runed gate.
 32233 | Elf:2    | Found a huge runed gate.
 32235 | Elf:2    | Found a huge runed gate.
 32276 | Elf:2    | Found a huge runed gate.
 32276 | Elf:2    | Found a huge runed gate.
 32281 | Elf:2    | Found a huge runed gate.
 32281 | Elf:2    | Found a huge runed gate.
 32291 | Elf:2    | Found a huge runed gate.
 32291 | Elf:2    | Found a huge runed gate.
 32291 | Elf:2    | Found a huge runed gate.
 32291 | Elf:2    | Found a huge runed gate.
 32291 | Elf:2    | Found a huge runed gate.
 32291 | Elf:2    | Found a huge runed gate.
 32291 | Elf:2    | Found a huge runed gate.
 32309 | Elf:2    | Cast into level 2 of the Abyss (a deep elf demonologist)
 32309 | Abyss:2  | Found a corrupted altar of Lugonu.
 32579 | Abyss:2  | Found a corrupted altar of Lugonu.
 32809 | Elf:2    | Escaped the Abyss
 32975 | Elf:2    | Noticed Louise
 32975 | Elf:2    | Cast into level 3 of the Abyss (Louise)
 32976 | Abyss:3  | Found a corrupted altar of Lugonu.
 32992 | Abyss:3  | Found a snail-covered altar of Cheibriados.
 33069 | Abyss:3  | Noticed a bone dragon
 33100 | Abyss:3  | Killed a bone dragon
 33212 | Abyss:3  | Received a gift from Okawaru
 33242 | Abyss:3  | Got a brightly glowing broad axe {god gift}
 33336 | Elf:2    | Escaped the Abyss
 33348 | Elf:2    | Reached XP level 21. HP: 208/208 MP: 27/27
 33360 | Elf:2    | Reached skill level 15 in Armour
 33362 | Elf:2    | Killed Louise
 33566 | Elf:2    | Noticed Nikola
 33581 | Elf:2    | Killed Nikola
 33581 | Elf:2    | Received a gift from Okawaru
 33619 | Elf:2    | Identified the +10 broad axe of Reason {venom, Dex+3}
                  | (Okawaru gifted it to you on level 3 of the Abyss)
 33766 | Elf:3    | Entered Level 3 of the Elven Halls
 34441 | Elf:3    | Identified the ring "Jiovecs" {rF+ Slay+1}
 34453 | Elf:3    | Received a gift from Okawaru
 34479 | Elf:3    | Got a scorched cloak {god gift}
 34519 | Elf:3    | Identified the +1 cloak of Rotation {rN+ Int+4 Slay+3}
                  | (Okawaru gifted it to you on level 3 of the Elven Halls)
 34584 | Elf:3    | Identified the +5 trident of Skirmishing {freeze, rC+++}
 34697 | Elf:3    | Identified the +10 war axe of Caappauc {chop, Str+4}
 34765 | Elf:3    | Cast into level 3 of the Abyss (a deep elf demonologist)
 35030 | Abyss:3  | Reached skill level 20 in Axes
 35056 | Elf:3    | Escaped the Abyss
 35207 | Elf:3    | Cast into level 2 of the Abyss (a deep elf sorcerer)
 35328 | Abyss:2  | Received a gift from Okawaru
 35603 | Elf:3    | Escaped the Abyss
 35617 | Elf:3    | Identified the Collected Works on Dusty Summoning
 35628 | Elf:3    | Identified the Grimoire of Confrontation and Companions
 35648 | Elf:3    | Identified The Lost Incunabulum of Sif Muna
 35785 | Elf:3    | Identified a scroll of acquirement
 36347 | Depths:4 | Gained mutation: You are completely covered in sharp
                  | spines. [demonic ancestry]
 36347 | Depths:4 | Reached XP level 22. HP: 21/219 MP: 20/28
 36445 | Depths:4 | Cast into level 2 of the Abyss (hell knight)
 36817 | Abyss:2  | Found a corrupted altar of Lugonu.
 36823 | Abyss:2  | Received a gift from Okawaru
 36828 | Abyss:2  | Gained mutation: You are agile. (Dex +2) [a neqoxec]
 36830 | Abyss:2  | Gained mutation: Armour fits poorly on your strangely
                  | shaped body. [a neqoxec]
 37037 | Depths:4 | Escaped the Abyss
 37119 | Depths:4 | HP: 5/219 [skeletal warrior/+2 halberd of venom (8)]
 37120 | Depths:4 | HP: 2/219 [ancient champion/iron shot (9)]
 37120 | Depths:4 | Annihilated by a reaper

Levels and vault maps discovered:
D:1:      dpeg_arrival_renting, layout_rooms
D:2:      layout_basic, uniq_jessica
D:3:      layout_basic
D:4:      layout_loops_ring, grunt_temple_overflow_open, ebering_ghost_sewer_f,
          first_ration, st_stairs_12, nemelex_lonely_heart_becter, uniq_ijyb,
          uniq_duvessa, uniq_pikel
D:5:      layout_loops_corners, minmay_temple_entry_arrows
D:6:      kennysheep_big_flooded_room, layout_basic, led_sif_pool, serial_shops,
          nicolae_shop_waterfront, nicolae_ossuary_entry_giza
D:7:      layout_rooms, kennysheep_mini_moat
D:8:      layout_loops_ring, david_lair_generic, david_nohive_1,
          lemuel_hellish_altar, uniq_harold
D:9:      layout_cave_pools, serial_shops, shop, lightli_minifort
D:10:     layout_roguey, moated_statue, grunt_decor_resistance
D:11:     layout_loops_ring, serial_shops, shop
D:12:     layout_roguey, zombieorc2_lemuel, ebering_ghost_funeral_grove,
          serial_shops, shop, shop, shop, nrook_guardian_serpent_double
D:13:     layout_basic, david_vaults_4, nicolae_trove_entry_crossroad,
          grunt_ministairs_7
D:14:     layout_loops_ring, dk_noncrumbling_2, ebering_ghost_inner_flame
D:15:     gammafunk_depths_entry_grave, layout_irregular_city,
          nicolae_tso_swordbearing_angel
Temple:   kb_temple_of_zot
Lair:1:   layout_cave_pods, grunt_megastairs_2
Lair:2:   layout_long_grid, serial_bayou_shore_b, grunt_megastairs_5
Lair:3:   lemuel_reptile_caves, layout_cave_pods, shoals_dummy_entry,
          serial_bayou_shore_a, infiniplex_staircase_pool_2
Lair:4:   layout_loops_ring, nicolae_spider_entry_non_spiders,
          chequers_serial_rivers_room_b
Lair:5:   layout_regular_city, serial_rivers, chequers_serial_rivers_large_a,
          chequers_serial_rivers_room_b, chequers_serial_rivers_small_b,
          chequers_serial_rivers_small_3, chequers_serial_rivers_room_b,
          uniq_sonja
Lair:6:   due_jungle_book, layout_loops_ring, nicolae_slime_entry_slimehenge,
          enter_volcano_2, portal_ice_cave_demonic_guard,
          minmay_stone_trees_small, serial_bayou_crossing
Spider:1: layout_chambers
Spider:2: layout_spider_delve, drop_trap
Spider:3: layout_spider_delve, uniq_jorgrun
Spider:4: grunt_spider_rune_circles
Orc:1:    layout_caves, basic_altar
Orc:2:    st_orc_open, layout_caves, serial_shops, bzr_firewalk
Elf:1:    eino_elf_arrival_the_gate, layout_gridlike, basic_altar, orc_legates,
          minivault_23, grunt_megastairs_4
Elf:2:    layout_gridlike, serial_shops, nicolae_shop_trees, shop,
          nicolae_shop_statue_plus, shop, door_vault, uniq_nikola, uniq_louise
Elf:3:    elf_hall_gauntlet_narrow, layout_geoelf_octagon
Depths:1: layout_gridlike, solitary_fountain, lightli_too_deep,
          gammafunk_ghost_berserking_beasts, hex_tiny, grunt_ministairs_9,
          minmay_guarded_unrand_zonguldrok, grunt_megastairs_3
Depths:2: minmay_the_grid_4x2 [minmay_the_grid_stretched_grid,
          minmay_the_grid_spin_star, minmay_the_grid_minigrid_small_alt,
          minmay_the_grid_gridbox, minmay_the_grid_mess, minmay_the_grid_expand,
          minmay_the_grid_airy, minmay_the_grid_prize_four_corners],
          layout_basic, enter_ziggurat_c, pf_coc_iceberg, abyss_entry,
          kennysheep_pointless_box, infiniplex_staircase_zigzag_3
Depths:3: evilmike_diamond_2, layout_cave_pools, hellmouth_1,
          abyss_entry_flame_altar, minmay_tree_intersection,
          rand_demon_pan_entry_9, uniq_asterion, uniq_aizul
Depths:4: cheibrodos_poisonous_passages, layout_basic, hell_entry,
          rand_demon_pan_entry_7, minmay_room_of_horrors, uniq_frederick

Skill      XL: |  1  2  3  4  5  6  7  8  9 10 11 12 13 14 15 16 17 18 19 20 21 |
---------------+----------------------------------------------------------------+-----
Shields        | 3 4 5 6 7 8 9 10 11 12 13 14 15 16 17 | 17.8
Armour         | 3 4 6 7 8 9 10 11 12 13 14 15 | 15.5
Axes           | 2 3 5 7 9 10 11 13 14 15 16 17 18 19 20 | 20.3
Fighting       | 4 5 6 7 8 10 11 12 13 14 15 16 17 18 19 | 19.6
Dodging        | 1 2 3 |  3.0
Stealth        | 1 2 3 |  3.1
Invocations    | 2 3 4 5 6 7 8 9 |  9.1
Evocations     | |  0.2

Action                   |  1- 3 |  4- 6 |  7- 9 | 10-12 | 13-15 | 16-18 | 19-21 | 22-24 || total
-------------------------+-------+-------+-------+-------+-------+-------+-------+-------++-------
Melee: Hand axe          |    83 |   118 |   423 |   346 |       |       |       |       ||   970
       War axe           |     7 |       |       |   288 |  1038 |  1252 |  1414 |   183 ||  4182
       Kick              |       |    31 |   143 |   211 |   557 |   794 |   835 |    91 ||  2662
Invok: Heroism           |       |       |     1 |    15 |    10 |    11 |    14 |       ||    51
       Finesse           |       |       |       |       |     8 |     6 |     9 |       ||    23
Evoke: Wand              |       |       |       |       |     1 |     1 |       |       ||     2
  Use: Potion            |       |     1 |       |       |       |       |     4 |     3 ||     8
       Scroll            |       |       |    10 |     9 |    18 |     7 |     8 |       ||    52
 Stab: Petrified         |       |       |       |       |     3 |       |       |       ||     3
       Petrifying        |       |       |       |       |     1 |       |       |       ||     1
       Confused          |       |       |       |       |     2 |       |       |       ||     2
       Held in net/web   |       |       |       |       |       |     2 |       |       ||     2
       Distracted        |       |       |       |       |       |       |     1 |       ||     1
       Invisible         |       |       |       |       |       |       |     1 |       ||     1
  Eat: Chunk             |     1 |     4 |    12 |    24 |    29 |    23 |    26 |     2 ||   121
       Ration            |       |       |       |     3 |     1 |       |       |       ||     4
Armor: Scale mail        |    56 |    23 |       |       |       |       |       |       ||    79
       Chain mail        |       |    20 |   172 |   116 |       |       |       |       ||   308
       Plate armour      |       |       |       |   125 |       |       |       |       ||   125
       Gold dragon scale |       |       |       |    42 |   657 |   778 |   585 |    43 ||  2105
Dodge: Dodged            |    25 |    34 |   109 |   125 |   150 |   228 |   272 |    19 ||   962
Block: Shield            |    60 |    49 |   200 |   325 |   612 |   804 |   616 |       ||  2666
       Large shield      |       |       |       |       |       |       |   388 |   155 ||   543

Table legend:
 A = Non-vault XP
 B = Vault XP
 C = Vault XP percentage of total XP
 D = Non-vault monster count
 E = Vault monster count
 F = Vault count percentage of total count
                 A         B        C        D         E       F
            +---------+---------+-------+---------+---------+-------
      Total |  415698 |  323254 |  43.7 |    1031 |     525 |  33.7
            +---------+---------+-------+---------+---------+-------
        D:1 |      29 |       0 |   0.0 |      15 |       0 |   0.0
        D:2 |      30 |      37 |  55.2 |      13 |       1 |   7.1
        D:3 |      64 |     651 |  91.0 |      20 |       1 |   4.8
        D:4 |      89 |     500 |  84.9 |       8 |       9 |  52.9
        D:5 |     425 |       0 |   0.0 |      15 |       0 |   0.0
        D:6 |     904 |     111 |  10.9 |      27 |       5 |  15.6
        D:7 |    1421 |       0 |   0.0 |      28 |       0 |   0.0
        D:8 |     554 |    3137 |  85.0 |      14 |      20 |  58.8
        D:9 |    3727 |     519 |  12.2 |      31 |       1 |   3.1
       D:10 |     981 |       0 |   0.0 |      19 |       0 |   0.0
       D:11 |    3438 |       0 |   0.0 |      20 |       0 |   0.0
       D:12 |    8832 |    4005 |  31.2 |      48 |      43 |  47.3
       D:13 |    2070 |    3540 |  63.1 |       8 |       6 |  42.9
       D:14 |    2103 |    1172 |  35.8 |      15 |       2 |  11.8
       D:15 |   27395 |    5580 |  16.9 |      49 |       9 |  15.5
     Lair:1 |    1959 |     142 |   6.8 |      10 |       1 |   9.1
     Lair:2 |    4938 |     997 |  16.8 |      23 |       6 |  20.7
     Lair:3 |    3588 |    2213 |  38.1 |      17 |      27 |  61.4
     Lair:4 |    1551 |     429 |  21.7 |      10 |       8 |  44.4
     Lair:5 |    3155 |     788 |  20.0 |       9 |       1 |  10.0
     Lair:6 |   18123 |    3589 |  16.5 |      39 |      12 |  23.5
   Spider:1 |   14788 |       0 |   0.0 |      31 |       0 |   0.0
   Spider:2 |   10080 |       0 |   0.0 |      29 |       0 |   0.0
   Spider:3 |   20150 |    3023 |  13.0 |      59 |       1 |   1.7
   Spider:4 |   14544 |   21606 |  59.8 |      39 |      39 |  50.0
      Orc:1 |    1442 |       0 |   0.0 |      25 |       0 |   0.0
      Orc:2 |    2079 |   15483 |  88.2 |      27 |      37 |  57.8
      Elf:1 |   18476 |   23651 |  56.1 |      32 |      40 |  55.6
      Elf:2 |   19108 |   42033 |  68.7 |      31 |      46 |  59.7
      Elf:3 |    9902 |   34029 |  77.5 |      15 |      22 |  59.5
   Depths:1 |   25703 |   25522 |  49.8 |      27 |      28 |  50.9
   Depths:2 |   40751 |   45003 |  52.5 |      51 |      36 |  41.4
   Depths:3 |   42951 |   53226 |  55.3 |      42 |      35 |  45.5
   Depths:4 |   12367 |   11777 |  48.8 |      19 |       9 |  32.1
    Abyss:2 |   53610 |    4562 |   7.8 |      98 |       7 |   6.7
    Abyss:3 |   44371 |     815 |   1.8 |      68 |       3 |   4.2
    Ossuary |       0 |     184 | 100.0 |       0 |      21 | 100.0
      IceCv |       0 |   13570 | 100.0 |       0 |      45 | 100.0
    Volcano |       0 |    1360 | 100.0 |       0 |       4 | 100.0
            +---------+---------+-------+---------+---------+-------
